[Event "Titled Tuesday Blitz September 27 Early 2022"]
[White "Spalir, Monika"]
[Black "Vignesh, N R"]
[WhiteFideId "14609118"]
[BlackFideId "25012215"]
[WhiteElo "2032"]
[BlackElo "2363"]
[Result "0-1"]
[Round "02"]
[TimeControl "180+1"]
[Date "2022.09.27"]
[WhiteClock "0:00:01"]
[BlackClock "0:01:04"]

1. d4 Nf6 2. c4 c5 3. d5 e6 4. Nc3 exd5 5. cxd5 d6 6. Nf3 g6 7. Nd2 Bg7 8. e4 O-O 9. Be2 b6 10. O-O Ba6 11. a4 Bxe2 12. Qxe2 Re8 13. Nc4 Na6 14. f3 Nb4 15. Rd1 Nh5 16. g4 Bd4+ 17. Kh1 Ng7 18. Bf4 Be5 19. Bxe5 dxe5 20. b3 h5 21. Qg2 hxg4 22. fxg4 Qg5 23. h3 Red8 24. Rd2 Ne8 25. Rf1 Rd7 26. Qf2 f6 27. Kh2 Rh7 28. Qg2 Rd8 29. d6 Nc6 30. Nb5 Nd4 31. Nxa7 Rxa7 32. Nxb6 Nxd6 33. Nd5 Nxe4 34. Qxe4 Qxd2+ 35. Kh1 Kg7 36. g5 Qxg5 37. Nxf6 Rf7 0-1


[Site "https://www.chess.com"]

[Event "Titled Tuesday Blitz September 27 Early 2022"]
[White "Runets, Ivan"]
[Black "Bilych, Olexiy"]
[WhiteFideId "13511564"]
[BlackFideId "14156504"]
[WhiteElo "1962"]
[BlackElo "2157"]
[Result "0-1"]
[Round "02"]
[TimeControl "180+1"]
[Date "2022.09.27"]
[WhiteClock "0:00:04"]
[BlackClock "0:00:14"]

1. d4 Nf6 2. c4 e6 3. Nc3 Bb4 4. e3 O-O 5. Bd3 d5 6. Ne2 dxc4 7. Bxc4 c5 8. O-O cxd4 9. exd4 Nc6 10. Bg5 Be7 11. a3 Nd5 12. Bxd5 Bxg5 13. Bxc6 bxc6 14. Ne4 Be7 15. Rc1 Ba6 16. Re1 Qd5 17. Nf4 Qf5 18. Qf3 Rad8 19. Red1 Bb5 20. g4 Be2 21. Qxe2 Qxf4 22. Rxc6 Rd5 23. Rc3 Rfd8 24. Rcd3 h5 25. h3 hxg4 26. Qxg4 Qh6 27. Kf1 f5 28. Qf3 fxe4 29. Qxe4 Rf8 30. Rg3 Rdf5 31. Rg2 Qxh3 32. Qxe6+ R8f7 33. Kg1 Rh5 34. Qxh3 Rxh3 35. Rg3 Rxg3+ 36. fxg3 Rf3 37. Kg2 Rb3 38. Rd2 Bd6 39. g4 Kf7 40. Kf2 Ke6 41. d5+ Ke5 42. Ke2 g5 43. Kd1 Rg3 44. Re2+ Kxd5 45. Re8 Rxg4 46. Ra8 Bc5 47. b4 Bb6 48. Rg8 Rg3 49. Kc2 Rxa3 50. Rxg5+ Kc4 51. Rg4+ Kb5 52. Kb2 Rd3 53. Rg5+ Kxb4 54. Rg4+ Rd4 55. Kc2 Rxg4 0-1


[Site "https://www.chess.com"]

[Event "Titled Tuesday Blitz September 27 Early 2022"]
[White "Rustemov, Alexander"]
[Black "Priyanka Nutakki"]
[WhiteFideId "4119002"]
[BlackFideId "25049615"]
[WhiteElo "2807"]
[BlackElo "1912"]
[Result "1-0"]
[Round "02"]
[TimeControl "180+1"]
[Date "2022.09.27"]
[WhiteClock "0:00:29"]
[BlackClock "0:00:01"]

1. d4 d5 2. c4 e6 3. Nc3 Nf6 4. cxd5 exd5 5. Bg5 Be7 6. e3 O-O 7. Bd3 h6 8. Bh4 c6 9. h3 Re8 10. Bg3 Bd6 11. Bxd6 Qxd6 12. Qc2 Nbd7 13. Nf3 Qe7 14. O-O Ne4 15. Rfc1 Ndf6 16. Ne5 Nd6 17. Rab1 a5 18. a3 Be6 19. Na4 Nfe4 20. Nc5 Qg5 21. Bxe4 dxe4 22. Nxe4 Nxe4 23. Qxe4 Bf5 24. Qf3 f6 25. h4 Qxh4 26. Qxf5 fxe5 27. dxe5 Re7 28. f4 Qg3 29. Qh3 Qg6 30. Rd1 Rf8 31. Rbc1 Qf7 32. Rc2 Qb3 33. Rcd2 a4 34. Kh2 Rfe8 35. e4 Qc4 36. Qd3 Qf7 37. Qg3 b5 38. Rd8 Kh7 39. Rxe8 Rxe8 40. Rd6 c5 41. Qg4 b4 42. Rd7 Qf8 43. Qf5+ Kg8 44. Rc7 Rb8 45. Qxf8+ Kxf8 46. Rxc5 bxa3 47. bxa3 Rb3 48. Rc8+ Kf7 49. Rc7+ Kf8 50. e6 Rxa3 51. Rf7+ Kg8 52. Ra7 Kf8 53. f5 Ra1 54. g4 a3 55. e5 Re1 56. f6 1-0


[Site "https://www.chess.com"]

[Event "Titled Tuesday Blitz September 27 Early 2022"]
[White "Sai Han Thiha"]
[Black "Harsha Bharathakoti"]
[WhiteFideId "13012290"]
[BlackFideId "5078776"]
[WhiteElo "1791"]
[BlackElo "2523"]
[Result "1/2-1/2"]
[Round "02"]
[TimeControl "180+1"]
[Date "2022.09.27"]
[WhiteClock "0:00:16"]
[BlackClock "0:00:08"]

1. d4 e6 2. Nf3 c5 3. c3 Nf6 4. Bf4 cxd4 5. cxd4 Qb6 6. Qb3 Qxb3 7. axb3 Nc6 8. Nc3 Bb4 9. Bd2 d5 10. e3 Bd7 11. Bd3 Ke7 12. Ke2 Rhc8 13. Rhc1 Na5 14. Nxd5+ Nxd5 15. Bxb4+ Nxb4 16. Rxc8 Rxc8 17. Rxa5 a6 18. Ra1 Bb5 19. Bxb5 Rc2+ 20. Kf1 axb5 21. Ne1 Rxb2 22. Ra7 Rb1 23. Rxb7+ Kf6 24. Ke2 Rb2+ 25. Kf3 Nd5 26. Rxb5 Nc3 27. Rb7 Nd1 28. Nd3 Rd2 29. Ne5 Rxf2+ 30. Ke4 Kg5 31. Nxf7+ Kh5 32. g3 Rxh2 33. Nd8 Kh6 34. Nxe6 g6 35. d5 Rd2 36. Nf8 Nc3+ 37. Kf4 Nxd5+ 38. Kg4 Nxe3+ 39. Kf3 Rd3 40. Ke4 Rc3 41. Rxh7+ Kg5 42. Ne6+ Kg4 43. Rg7 Rxb3 44. Rxg6+ Kh3 45. Nf4+ Kh2 46. g4 Kg3 47. Nd5 Nc4 48. Kd4 Nd2 49. Rg8 Nf3+ 50. Kc5 Ra3 51. Kb4 Rd3 52. Nf6 Rd4+ 53. Kc5 Rd1 54. Ne4+ Kf4 55. Nf6 Rc1+ 56. Kd6 Re1 57. Nd5+ Kg3 58. g5 Nh4 59. g6 Ra1 60. g7 Ra7 61. Nc7 Nf5+ 62. Kc6 Ne7+ 63. Kb6 Rxc7 64. Kxc7 Nxg8 65. Kd6 Kg4 66. Ke6 Kg5 67. Kf7 Nh6+ 68. Kf8 Kg6 69. g8=Q+ Nxg8 1/2-1/2


[Site "https://www.chess.com"]

[Event "Titled Tuesday Blitz September 27 Early 2022"]
[White "Sailer, Mike"]
[Black "Toncheva, Nadya"]
[WhiteFideId "2012901"]
[BlackFideId "2924056"]
[WhiteElo "2109"]
[BlackElo "1888"]
[Result "0-1"]
[Round "02"]
[TimeControl "180+1"]
[Date "2022.09.27"]
[WhiteClock "0:00:08"]
[BlackClock "0:00:30"]

1. d4 Nf6 2. Nc3 d5 3. Bf4 Bf5 4. f3 h6 5. g4 Bh7 6. e3 e6 7. Bd3 Bxd3 8. Qxd3 a6 9. O-O-O c5 10. Nge2 Nc6 11. h4 Rc8 12. g5 Nh5 13. gxh6 Nxf4 14. Nxf4 Rxh6 15. dxc5 Bxc5 16. e4 Ne5 17. Qe2 d4 18. Qg2 Qf6 19. Ncd5 exd5 20. Nxd5 Qg6 21. Qh3 Qe6 22. Qg3 Kf8 23. Nf4 Qxa2 24. Rhg1 Qa1+ 25. Kd2 Bb4+ 26. Ke2 Rxc2+ 27. Kf1 Qxd1+ 0-1


[Site "https://www.chess.com"]

[Event "Titled Tuesday Blitz September 27 Early 2022"]
[White "Sanchez Alvares, Kelvin Antonio"]
[Black "Roque Sola, Jose Luis"]
[WhiteFideId "3906680"]
[BlackFideId "5120390"]
[WhiteElo "2189"]
[BlackElo "1990"]
[Result "1/2-1/2"]
[Round "02"]
[TimeControl "180+1"]
[Date "2022.09.27"]
[WhiteClock "0:01:18"]
[BlackClock "0:00:19"]

1. e4 e6 2. d4 d5 3. Nd2 c5 4. exd5 Qxd5 5. Ngf3 cxd4 6. Bc4 Qd8 7. O-O Nf6 8. Nb3 Nc6 9. Nbxd4 Nxd4 10. Qxd4 Qxd4 11. Nxd4 a6 12. c3 Bd6 13. a4 O-O 14. h3 b6 15. Bg5 Ne4 16. Be3 Bb7 17. Rfd1 Rfd8 18. Nb3 Nc5 19. Nxc5 Bxc5 20. Bxc5 bxc5 21. a5 Kf8 22. Kf1 Ke7 23. f3 Rxd1+ 24. Rxd1 Rd8 25. Rxd8 Kxd8 26. Ke2 Kc7 27. Ke3 Kd6 28. g3 f6 29. h4 e5 30. b4 cxb4 31. cxb4 Bc8 32. Bd3 g6 33. f4 exf4+ 34. Kxf4 Kd5 35. b5 axb5 36. Bxb5 Kc5 37. Be2 Kc6 38. Ke4 Kc5 39. a6 Kb6 40. Kd5 h6 41. Kd6 g5 42. h5 f5 43. Ke5 f4 44. gxf4 gxf4 45. Kxf4 Bd7 46. Ke5 Be8 1/2-1/2


[Site "https://www.chess.com"]

[Event "Titled Tuesday Blitz September 27 Early 2022"]
[White "Sanchez, Robert"]
[Black "Matinian, Nikita"]
[WhiteFideId "2034360"]
[BlackFideId "24129100"]
[WhiteElo "2386"]
[BlackElo "2422"]
[Result "1-0"]
[Round "02"]
[TimeControl "180+1"]
[Date "2022.09.27"]
[WhiteClock "0:00:19"]
[BlackClock "0:01:19"]

1. e4 c5 2. Nf3 Nc6 3. d4 cxd4 4. Nxd4 Nf6 5. Nc3 e5 6. Ndb5 d6 7. Bg5 a6 8. Bxf6 gxf6 9. Na3 b5 10. Nd5 f5 11. Bd3 Be6 12. c4 b4 13. Nc2 Rb8 14. exf5 Bxd5 15. cxd5 Ne7 16. Ne3 Qa5 17. O-O h5 18. f6 Ng6 19. Bxg6 fxg6 20. f4 Bh6 21. Qd3 Qc5 22. Rac1 Qa7 23. Qxg6+ Qf7 24. Qe4 O-O 25. fxe5 dxe5 26. d6 Rbd8 27. Rc7 Bxe3+ 28. Qxe3 Rd7 29. Rxd7 Qxd7 30. Qxe5 Qa7+ 31. Kh1 Qf7 32. Qg5+ Kh7 33. Re1 Rg8 34. Qf5+ Kh6 35. Re7 Qg6 36. Qxg6+ Kxg6 37. Rg7+ 1-0


[Site "https://www.chess.com"]

[Event "Titled Tuesday Blitz September 27 Early 2022"]
[White "Sargissyan, Sargis"]
[Black "Schill, William"]
[WhiteFideId "13303210"]
[BlackFideId "2016710"]
[WhiteElo "2102"]
[BlackElo "1937"]
[Result "1-0"]
[Round "02"]
[TimeControl "180+1"]
[Date "2022.09.27"]
[WhiteClock "0:00:11"]
[BlackClock "0:00:00"]

1. e4 c5 2. Nc3 Nc6 3. Bb5 g6 4. f4 Bg7 5. Nf3 Nd4 6. Bc4 e6 7. O-O Ne7 8. d3 d5 9. Bb3 Nxb3 10. axb3 O-O 11. Qe1 f5 12. Qh4 Nc6 13. Ng5 h6 14. Nf3 Qxh4 15. Nxh4 Ne7 16. exd5 Bf6 17. d6 Bxh4 18. dxe7 Bxe7 19. Re1 Kf7 20. Be3 b6 21. d4 cxd4 22. Bxd4 Bb7 23. Nb5 Rfc8 24. c3 a6 25. Na3 b5 26. Nc2 Be4 27. Ne3 Bf6 28. Bxf6 Kxf6 29. b4 Rd8 30. Rad1 Ke7 31. Rxd8 Rxd8 32. Rd1 Rxd1+ 33. Nxd1 e5 34. fxe5 Ke6 35. Kf2 Kxe5 36. Ke3 g5 37. g3 f4+ 38. gxf4+ gxf4+ 39. Kf2 Bc2 40. Ke2 Bxd1+ 41. Kxd1 Ke4 42. Ke2 h5 43. h4 f3+ 44. Kf2 1-0


[Site "https://www.chess.com"]

[Event "Titled Tuesday Blitz September 27 Early 2022"]
[White "Saucey, Michel"]
[Black "Loay, Sameer"]
[WhiteFideId "601845"]
[BlackFideId "8104239"]
[WhiteElo "2253"]
[BlackElo "2040"]
[Result "1-0"]
[Round "02"]
[TimeControl "180+1"]
[Date "2022.09.27"]
[WhiteClock "0:01:53"]
[BlackClock "0:02:08"]

1. d4 Nf6 2. Nf3 g6 3. c4 Bg7 4. g3 O-O 5. Bg2 d6 6. Nc3 c6 7. O-O Qa5 8. e4 Bg4 9. h3 Bxf3 10. Bxf3 Nfd7 11. Be3 a6 12. Qd2 c5 13. e5 Ra7 14. exd6 exd6 15. Rad1 cxd4 16. Bxd4 Bxd4 17. Qxd4 Nc6 18. Bxc6 1-0


[Site "https://www.chess.com"]

[Event "Titled Tuesday Blitz September 27 Early 2022"]
[White "Schekachikhin, Maksim"]
[Black "Vogel, Roven"]
[WhiteFideId "24177830"]
[BlackFideId "12908088"]
[WhiteElo "2226"]
[BlackElo "2501"]
[Result "0-1"]
[Round "02"]
[TimeControl "180+1"]
[Date "2022.09.27"]
[WhiteClock "0:01:25"]
[BlackClock "0:01:10"]

1. b3 d5 2. Bb2 Bf5 3. d3 e6 4. Nd2 Nf6 5. g3 Be7 6. Bg2 O-O 7. e4 Bg6 8. Nh3 Bh5 9. Qc1 dxe4 10. dxe4 Nc6 11. Nf4 Bg6 12. Nxg6 hxg6 13. O-O Bc5 14. a3 Bd4 15. c3 Bc5 16. b4 Be7 17. Qc2 Ne5 18. Rad1 Qd3 19. Qc1 Rad8 20. c4 Nc6 21. e5 Ng4 22. Ne4 Qb3 23. Nd2 Qa4 24. Rfe1 Bg5 25. f4 Be7 26. h3 Nh6 27. g4 a5 28. b5 Nd4 29. Ne4 Ne2+ 0-1


[Site "https://www.chess.com"]

[Event "Titled Tuesday Blitz September 27 Early 2022"]
[White "Seifert, Henryk"]
[Black "Rangel, Daniel"]
[WhiteFideId "1100963"]
[BlackFideId "2124475"]
[WhiteElo "2120"]
[BlackElo "2225"]
[Result "0-1"]
[Round "02"]
[TimeControl "180+1"]
[Date "2022.09.27"]
[WhiteClock "0:00:31"]
[BlackClock "0:01:22"]

1. e4 c5 2. Nf3 g6 3. c3 Bg7 4. d4 cxd4 5. cxd4 d5 6. e5 Bg4 7. Nbd2 e6 8. h3 Bxf3 9. Nxf3 Ne7 10. Be2 O-O 11. O-O Nbc6 12. Bg5 h6 13. Bf6 Bxf6 14. exf6 Nf5 15. g4 Nd6 16. Ne5 Qxf6 17. Nd7 Qxd4 18. Nxf8 Kxf8 19. Qc1 Kg7 20. Rd1 Qf6 21. Bd3 Ne5 22. f4 Nf3+ 23. Kf2 Nd4 24. Qe3 Nc6 25. b3 g5 26. f5 exf5 27. Bxf5 Nxf5 28. gxf5 Qxf5+ 29. Kg2 d4 30. Rxd4 Nxd4 31. Qxd4+ Qf6 32. Qe4 Qxa1 0-1


[Site "https://www.chess.com"]

[Event "Titled Tuesday Blitz September 27 Early 2022"]
[White "Sharifov, Mekhriddin"]
[Black "Ovezdurdyyeva, Jemal"]
[WhiteFideId "14701545"]
[BlackFideId "14001888"]
[WhiteElo "1540"]
[BlackElo "1946"]
[Result "1-0"]
[Round "02"]
[TimeControl "180+1"]
[Date "2022.09.27"]
[WhiteClock "0:00:29"]
[BlackClock "0:00:37"]

1. e4 d6 2. d4 Nf6 3. Nc3 g6 4. f4 c6 5. Nf3 b5 6. e5 dxe5 7. fxe5 Nd5 8. Ne4 Bg7 9. Bg5 f6 10. Bd2 O-O 11. Bd3 Nd7 12. O-O fxe5 13. dxe5 Nxe5 14. Nxe5 Bxe5 15. Kh1 Bxb2 16. Rb1 Bg7 17. Ng5 e5 18. c4 Nf4 19. Be4 Qxg5 20. Bxc6 Rb8 21. g3 Bh3 22. gxf4 exf4 23. Rg1 Qc5 24. cxb5 f3 25. Bxf3 Rxb5 26. Rxb5 Qxb5 27. Be4 Qe5 28. Bc6 Rf2 29. Qb3+ Kh8 30. Qxh3 Rxd2 31. Qc8+ Bf8 32. Qxf8# 1-0


[Site "https://www.chess.com"]

[Event "Titled Tuesday Blitz September 27 Early 2022"]
[White "Shashikant, Kutwal"]
[Black "Girel, Joseph"]
[WhiteFideId "5006520"]
[BlackFideId "36033561"]
[WhiteElo "2321"]
[BlackElo "2104"]
[Result "0-1"]
[Round "02"]
[TimeControl "180+1"]
[Date "2022.09.27"]
[WhiteClock "0:00:02"]
[BlackClock "0:00:21"]

1. e4 Nc6 2. Nf3 d5 3. d3 dxe4 4. dxe4 Qxd1+ 5. Kxd1 Bg4 6. c3 Nf6 7. Nd2 e5 8. Bb5 O-O-O 9. Bxc6 bxc6 10. Kc2 Nd7 11. Ng5 Bh5 12. f3 Bg6 13. Nh3 Nc5 14. Nf2 f5 15. exf5 Bxf5+ 16. Nde4 Be7 17. Be3 Kb7 18. Rad1 Ne6 19. Rxd8 Rxd8 20. Rd1 Re8 21. Nd3 c5 22. Nxe5 Ng5 23. Bxg5 Bxg5 24. Nd3 Be7 25. Re1 Rd8 26. Ndf2 Bh4 27. g3 Be7 28. Kb3 Rf8 29. f4 Kc6 30. c4 Rb8+ 31. Kc3 g6 32. b3 a5 33. Nd3 Bf8 34. Ne5+ Kb6 35. Nf6 Bg7 36. Nd5+ Kb7 37. Kd2 Rd8 38. Ke3 c6 39. Nc3 Bxe5 40. fxe5 Rd3+ 41. Kf4 Rxc3 42. e6 Rc2 43. e7 Bd7 44. e8=Q Bxe8 45. Rxe8 Rxh2 46. a4 h6 47. Re6 g5+ 48. Kf5 Kb6 49. Kg6 Rh3 50. Re3 g4 51. Kf5 h5 52. Kf4 Rh2 53. Rd3 Kc7 54. Kg5 Rh3 55. Kf4 Rh2 56. Kg5 Rh1 57. Re3 Kd6 58. Rd3+ Ke5 59. Rd8 Rh3 60. Ra8 Rxg3 61. Kxh5 Kd4 62. Rxa5 Rg1 63. Ra8 g3 64. Kg4 Kc3 65. Rb8 Kd2 66. Rb6 Ke2 67. Rxc6 Kf2 68. Rf6+ Kg2 69. Rf3 Kh2 70. Rc3 Rd1 71. Kf3 Rf1+ 72. Kg4 Rf8 73. Rc2+ g2 74. Kg5 Rb8 75. Kf5 Rxb3 76. Ke5 Rd3 77. a5 Kg3 78. a6 g1=Q 0-1


[Site "https://www.chess.com"]

[Event "Titled Tuesday Blitz September 27 Early 2022"]
[White "Shuvalov, Evgenij"]
[Black "Amgalantengis, Enkh-Amgalan"]
[WhiteFideId "4187237"]
[BlackFideId "4903536"]
[WhiteElo "2033"]
[BlackElo "1719"]
[Result "1-0"]
[Round "02"]
[TimeControl "180+1"]
[Date "2022.09.27"]
[WhiteClock "0:00:36"]
[BlackClock "0:00:12"]

1. d4 d5 2. c4 c6 3. Nf3 Nf6 4. Nc3 e6 5. cxd5 Nbd7 6. dxe6 fxe6 7. e4 Bb4 8. Bd3 O-O 9. Qb3 Qe7 10. O-O c5 11. e5 Nh5 12. Ng5 cxd4 13. Nb5 Nxe5 14. Bxh7+ Kh8 15. Qh3 g6 16. Bxg6 Nxg6 17. Qxh5+ Kg7 18. Qh7+ Kf6 19. Ne4+ Kf5 20. Qh5+ Kxe4 21. f3+ Kd3 22. Rd1+ Kc2 23. Nxd4+ Kxd1 24. Bg5# 1-0


[Site "https://www.chess.com"]

[Event "Titled Tuesday Blitz September 27 Early 2022"]
[White "Silva, Kevin Ranidu"]
[Black "Dowgird, Filip"]
[WhiteFideId "9935258"]
[BlackFideId "1121235"]
[WhiteElo "1626"]
[BlackElo "2215"]
[Result "0-1"]
[Round "02"]
[TimeControl "180+1"]
[Date "2022.09.27"]
[WhiteClock "0:00:14"]
[BlackClock "0:01:06"]

1. e4 d6 2. d4 Nf6 3. Nc3 c6 4. Nf3 Bg4 5. h3 Bh5 6. Be3 e6 7. Be2 d5 8. exd5 cxd5 9. Qd2 Nc6 10. g4 Bg6 11. Bb5 Ne4 12. Nxe4 Bxe4 13. Qe2 Qa5+ 14. c3 h5 15. g5 a6 16. Bxc6+ bxc6 17. O-O Qb5 18. Qd1 Qxb2 19. Ne5 f6 20. Nxc6 Qb5 21. Nb4 a5 22. a4 Qc4 23. Na2 Bd6 24. Qd2 fxg5 25. Bxg5 O-O 26. f4 Rf5 27. Nc1 Raf8 28. Ne2 h4 29. Rf2 e5 30. Raf1 exd4 31. Nxd4 Bc5 32. Nxf5 Rxf5 33. Kh2 Qxa4 34. Re2 Qc4 35. Qb2 Bd6 36. Ref2 Rxg5 37. Qb6 Rg6 38. Qd8+ Kh7 39. Qxh4+ Rh6 40. Qg5 Qxc3 41. Rg1 Qxh3# 0-1


[Site "https://www.chess.com"]

[Event "Titled Tuesday Blitz September 27 Early 2022"]
[White "Sipila, Vilka"]
[Black "Ljukin, Sergei"]
[WhiteFideId "505455"]
[BlackFideId "14102200"]
[WhiteElo "2329"]
[BlackElo "2312"]
[Result "1-0"]
[Round "02"]
[TimeControl "180+1"]
[Date "2022.09.27"]
[WhiteClock "0:01:54"]
[BlackClock "0:00:05"]

1. b3 e5 2. Bb2 Nc6 3. e3 Nf6 4. Bb5 Bd6 5. Na3 Na5 6. Be2 c6 7. c4 Qe7 8. Nc2 O-O 9. c5 Bxc5 10. Nf3 e4 11. Nfd4 d5 12. O-O b5 13. a3 Bd7 14. f3 Nb7 15. Qe1 Bd6 16. fxe4 Nxe4 17. Nf5 Bxf5 18. Rxf5 Nbc5 19. Nd4 Rac8 20. Rc1 Qd7 21. Rh5 Nf6 22. Rh3 Be5 23. Qh4 Nxb3 24. Rf1 h6 25. Nf5 Bxb2 26. Nxh6+ gxh6 27. Qxh6 1-0


[Site "https://www.chess.com"]

[Event "Titled Tuesday Blitz September 27 Early 2022"]
[White "Smietanska, Wiktoria"]
[Black "Balabayeva, Xeniya"]
[WhiteFideId "21869359"]
[BlackFideId "13719688"]
[WhiteElo "1847"]
[BlackElo "1895"]
[Result "0-1"]
[Round "02"]
[TimeControl "180+1"]
[Date "2022.09.27"]
[WhiteClock "0:00:02"]
[BlackClock "0:00:04"]

1. c4 e6 2. Nc3 d5 3. cxd5 exd5 4. d4 Nf6 5. Bg5 Be7 6. e3 c6 7. Bd3 Nbd7 8. Nge2 Nh5 9. Bxe7 Qxe7 10. O-O O-O 11. Qc2 g6 12. a3 Nb6 13. b4 a6 14. Rab1 Be6 15. a4 Ng7 16. b5 cxb5 17. axb5 a5 18. Nf4 Rfc8 19. Qb3 a4 20. Qc2 a3 21. Qb3 Qd6 22. Ra1 Nc4 23. Bxc4 Rxc4 24. Nd3 b6 25. Ne5 Rb4 26. Qc2 Ne8 27. Nc6 Rc4 28. Qb3 Nc7 29. Rfb1 Nxb5 30. Nxb5 Qxc6 31. Nxa3 Rca4 32. h3 Bf5 33. Rc1 Qd7 34. g4 Be4 35. Kf1 Qa7 36. Rc3 Qa6+ 37. Ke1 b5 38. Kd2 b4 39. Nb1 bxc3+ 40. Nxc3 Rxa1 0-1


[Site "https://www.chess.com"]

[Event "Titled Tuesday Blitz September 27 Early 2022"]
[White "So, Wesley"]
[Black "Ernst, Sipke"]
[WhiteFideId "5202213"]
[BlackFideId "1004689"]
[WhiteElo "2763"]
[BlackElo "2436"]
[Result "1-0"]
[Round "02"]
[TimeControl "180+1"]
[Date "2022.09.27"]
[WhiteClock "0:00:42"]
[BlackClock "0:00:12"]

1. e4 e5 2. Nf3 Nc6 3. d4 exd4 4. Nxd4 Nf6 5. Nc3 Bb4 6. Nxc6 bxc6 7. Bd3 O-O 8. O-O Re8 9. Bg5 Qe7 10. Bh4 Qe6 11. Kh1 d6 12. f3 Bxc3 13. bxc3 Nd7 14. f4 Nc5 15. Qf3 Qg4 16. Bf2 Qxf3 17. gxf3 Nxd3 18. cxd3 c5 19. f5 f6 20. c4 Bd7 21. Be1 a5 22. Rb1 Bc6 23. Bc3 a4 24. h4 Kf7 25. h5 h6 26. Kg2 Rab8 27. Kf2 Rxb1 28. Rxb1 Ra8 29. Ke3 Kf8 30. f4 Kf7 31. e5 fxe5 32. fxe5 dxe5 33. Bxe5 Re8 34. Kf4 Re7 35. Rg1 Kf8 36. Rb1 Rd7 37. Rb8+ Kf7 38. Rc8 Bb7 39. Rxc7 Rxc7 40. Bxc7 Bg2 41. Bd6 Bf1 42. Ke3 Bh3 43. Ke4 Bg2+ 44. Ke5 Bf1 45. Ke4 Bg2+ 46. Ke3 Bh3 47. Bxc5 Bxf5 48. d4 Bg4 49. d5 Bxh5 50. Bb4 Bg4 51. c5 g5 52. c6 Bc8 53. Kd4 h5 54. Ke5 h4 55. d6 h3 56. d7 Bxd7 57. cxd7 h2 58. d8=Q 1-0


[Site "https://www.chess.com"]

[Event "Titled Tuesday Blitz September 27 Early 2022"]
[White "Song, Julien"]
[Black "Sala, Giulia"]
[WhiteFideId "659487"]
[BlackFideId "2840451"]
[WhiteElo "2225"]
[BlackElo "1627"]
[Result "1-0"]
[Round "02"]
[TimeControl "180+1"]
[Date "2022.09.27"]
[WhiteClock "0:00:04"]
[BlackClock "0:00:15"]

1. d4 h6 2. h3 g6 3. g3 Bg7 4. Bg2 Nf6 5. Nf3 d6 6. O-O Nbd7 7. c4 O-O 8. Nc3 e5 9. dxe5 dxe5 10. Be3 Ne8 11. Qd2 f5 12. Bxh6 e4 13. Nh4 Kh7 14. Bxg7 Nxg7 15. Rad1 g5 16. Nxf5 Nxf5 17. Nxe4 Qe7 18. Nxg5+ Kg6 19. h4 Ne5 20. Be4 Be6 21. Nxe6 Qxe6 22. Qg5+ Kh7 23. Rd5 c6 24. Rd4 Ng6 25. Bxf5 Rxf5 26. Qd2 Rg8 27. Rd7+ Rf7 28. Rxf7+ Qxf7 29. Kh2 Qxc4 30. b3 Qg4 31. Qg5 Qxe2 32. Kg1 Qe5 33. Rd1 Qxg5 34. hxg5 Rg7 35. f4 Ne7 36. Kf2 Nd5 37. Kf3 Kg6 38. g4 Rf7 39. Rd4 b6 40. Re4 Rd7 41. Re6+ Kf7 42. Rxc6 Nb4 43. Rc3 Nxa2 44. Re3 Nb4 45. f5 Nd5 46. Rd3 Ne7 47. Rxd7 Ke8 48. Rxa7 Nc6 49. Rc7 Nd4+ 50. Ke4 Nxb3 51. g6 Kf8 52. f6 Nc5+ 53. Rxc5 bxc5 54. Kd5 1-0


[Site "https://www.chess.com"]

[Event "Titled Tuesday Blitz September 27 Early 2022"]
[White "Stanisz, Patryk"]
[Black "Kukula, Pawel"]
[WhiteFideId "1123106"]
[BlackFideId "1115081"]
[WhiteElo "1833"]
[BlackElo "2062"]
[Result "0-1"]
[Round "02"]
[TimeControl "180+1"]
[Date "2022.09.27"]
[WhiteClock "0:00:09"]
[BlackClock "0:00:11"]

1. d4 Nf6 2. c4 d6 3. Nc3 Nc6 4. Nf3 Bg4 5. e3 g6 6. Be2 Bg7 7. Nd2 Bxe2 8. Qxe2 e5 9. d5 Nb8 10. O-O O-O 11. Rb1 a5 12. a3 a4 13. Qd1 Qd7 14. f3 Bh6 15. Nde4 Ne8 16. Ng3 f5 17. Nge2 Nf6 18. Qd3 Na6 19. Qc2 Nc5 20. Bd2 b6 21. Rbe1 Kh8 22. Nc1 Qf7 23. Nd3 Nxd3 24. Qxd3 Nd7 25. Qc2 Nc5 26. Ne2 b5 27. cxb5 Qxd5 28. Nc3 Qb3 29. Qb1 Rab8 30. Rd1 Rfd8 31. e4 Bxd2 32. Rxd2 f4 33. Qe1 g5 34. g3 Rxb5 35. Nxb5 Qxb5 36. Qe2 Qb6 37. Qg2 Nxe4+ 38. Kh1 Nxd2 39. Qxd2 Qd4 40. Qa5 Qc4 41. Kg2 fxg3 42. hxg3 Rb8 43. Rf2 Kg7 44. Qa7 Rf8 45. Qe3 h6 46. Rd2 g4 47. fxg4 Qxg4 48. Qc3 Rf7 49. Rf2 Qe4+ 50. Kg1 Rxf2 51. Kxf2 Qd4+ 52. Qxd4 exd4 53. Ke2 c5 54. Kd3 d5 55. b4 axb3 56. a4 c4+ 57. Kd2 c3+ 58. Kc1 d3 59. a5 b2+ 60. Kb1 d2 61. Kc2 b1=Q+ 62. Kxb1 d1=Q+ 63. Ka2 Qa4+ 0-1


[Site "https://www.chess.com"]

[Event "Titled Tuesday Blitz September 27 Early 2022"]
[White "Stremavicius, Titas"]
[Black "Fernandez De La Vara, Arnaldo"]
[WhiteFideId "12804444"]
[BlackFideId "3518388"]
[WhiteElo "2399"]
[BlackElo "2387"]
[Result "0-1"]
[Round "02"]
[TimeControl "180+1"]
[Date "2022.09.27"]
[WhiteClock "0:00:06"]
[BlackClock "0:00:05"]

1. c4 c5 2. Nf3 Nc6 3. Nc3 Nf6 4. d4 cxd4 5. Nxd4 g6 6. e4 Bg7 7. Be3 d6 8. Be2 O-O 9. O-O Bd7 10. Nc2 Qa5 11. f3 Rfc8 12. Na3 Be6 13. Qa4 Nd7 14. Qc2 Nd4 15. Bxd4 Bxd4+ 16. Kh1 Nb6 17. Nab5 Bxc3 18. Qxc3 Qxc3 19. Nxc3 Bxc4 20. Rf2 Rc5 21. h3 Rac8 22. Bxc4 Rxc4 23. Rd1 Kf8 24. Re2 Nd7 25. Kh2 a6 26. Kg3 b5 27. a3 Nb6 28. h4 Kg7 29. Rdd2 h5 30. e5 dxe5 31. Rxe5 Kf8 32. Rde2 e6 33. R5e3 Ke7 34. Ne4 Nd5 35. Rd3 Rc2 36. Rdd2 Rxd2 37. Rxd2 Rc1 38. Kf2 a5 39. Kg3 Kd7 40. Ng5 Ke7 41. Ne4 Rc4 42. Kf2 a4 43. Kg3 b4 44. axb4 Rxb4 45. Kf2 Nb6 46. Rc2 Nc4 47. Nc5 Rxb2 48. Rxb2 Nxb2 49. Ke3 a3 50. Kd2 Nc4+ 51. Kc3 Ne3 52. g3 f5 53. Kb3 Nf1 54. g4 fxg4 55. fxg4 hxg4 56. Nd3 Kf6 57. Kxa3 Kf5 58. Kb4 g3 59. Ne1 Ne3 60. Kc3 g2 61. Nf3 Kg4 62. Ng1 Kg3 63. Kd4 Ng4 64. Ke4 Kh2 65. Nf3+ Kh1 66. Kf4 Nh2 0-1


[Site "https://www.chess.com"]

[Event "Titled Tuesday Blitz September 27 Early 2022"]
[White "Suleymanli, Suleyman"]
[Black "Narayanan, Srinath"]
[WhiteFideId "13416375"]
[BlackFideId "5018420"]
[WhiteElo "1652"]
[BlackElo "2459"]
[Result "0-1"]
[Round "02"]
[TimeControl "180+1"]
[Date "2022.09.27"]
[WhiteClock "0:00:04"]
[BlackClock "0:00:07"]

1. Nf3 d5 2. g3 g6 3. Bg2 Bg7 4. d4 Nf6 5. O-O O-O 6. c4 c6 7. cxd5 cxd5 8. Nc3 Nc6 9. Ne5 Ng4 10. Nf3 e6 11. Bg5 Qb6 12. Na4 Qa5 13. h3 Nf6 14. Nc5 Ne4 15. Nb3 Qb6 16. Bf4 a5 17. Rb1 a4 18. Nbd2 Nxd2 19. Qxd2 Nxd4 20. Be3 Nxf3+ 21. Bxf3 d4 22. Bh6 e5 23. Bg2 Bf5 24. Rbc1 Bxh6 25. Qxh6 Qxb2 26. g4 Be6 27. Rb1 Qxa2 28. Rxb7 Qxe2 29. Rc1 a3 30. Bf1 Qf3 31. Bg2 Qf4 32. Qxf4 exf4 33. Rb4 Rac8 34. Ra1 a2 35. Rxd4 Rb8 36. Be4 Rb2 37. Kg2 Rfb8 38. Bd5 Bxd5+ 39. Rxd5 Rc2 40. Ra5 Rbb2 41. Rf1 h6 42. Kf3 g5 43. Kg2 Kg7 44. Ra6 Kf8 45. Ra7 Rd2 46. Ra6 Ke7 47. Ra7+ Ke6 48. Ra8 Ke5 49. Ra5+ Ke4 50. Ra4+ Kd3 51. Ra8 Rb1 52. Ra3+ Ke2 53. Rxa2 f3+ 54. Kg3 Rxf1 55. Ra4 Rg1+ 56. Kh2 Rg2+ 0-1


[Site "https://www.chess.com"]